[Event "SVK Amateur-ch 2020"]
[Site "Topolcany"]
[Date "2020.07.11"]
[Round "3.8"]
[White "Kalisky, Vladimir"]
[Black "Janco, Darius"]
[Result "1-0"]
[ECO "A39"]
[WhiteElo "2136"]
[BlackElo "2003"]
[Annotator "ChessBase"]
[PlyCount "49"]
[EventDate "2020.07.10"]
[EventType "swiss"]
[EventCountry "SVK"]
[SourceTitle "playchess.com"]
[Source "ChessBase"]
[SourceQuality "1"]
[TimeControl "3600+30"]

1. Nf3 Nf6 2. g3 g6 3. Bg2 Bg7 4. O-O O-O 5. c4 c5 6. Nc3 Nc6 7. d4 cxd4 8. Nxd4 Nxd4 9. Qxd4 d6 10. Qd3 Qa5 11. Bd2 Qh5 12. f3 Nd7 13. Nd5 e6 14. Ne7+ Kh8 15. Qxd6 Nb6 16. Bc3 e5 17. b3 Be6 18. Rad1 Qg5 19. f4 exf4 20. gxf4 Qg4 21. h3 Qh4 22. Bxg7+ Kxg7 23. Qe5+ Kh6 24. f5 Qxe7 25. f6 1-0

[Event "SVK Amateur-ch 2020"]
[Site "Topolcany"]
[Date "2020.07.11"]
[Round "3.8"]
[White "Matejov, Jaroslav"]
[Black "Panda Gyorgy"]
[Result "1-0"]
[ECO "B23"]
[WhiteElo "2021"]
[BlackElo "1773"]
[Annotator "ChessBase"]
[PlyCount "71"]
[EventDate "2020.07.10"]
[EventType "swiss"]
[EventCountry "SVK"]
[SourceTitle "playchess.com"]
[Source "ChessBase"]
[SourceQuality "1"]
[TimeControl "3600+30"]

1. e4 c5 2. Nc3 a6 3. a4 e6 4. g3 g6 5. Bg2 Bg7 6. Nge2 Ne7 7. O-O O-O 8. d3 d6 9. Be3 Nbc6 10. Qd2 Re8 11. h3 b6 12. Bh6 Bh8 13. f4 Ra7 14. Kh2 Nd4 15. Nxd4 Bxd4 16. Nd1 Bh8 17. c3 d5 18. e5 Nc6 19. Nf2 f6 20. exf6 Bxf6 21. Bg5 Bxg5 22. fxg5 e5 23. c4 Nb4 24. cxd5 Nxd5 25. Bxd5+ Qxd5 26. Ne4 Kg7 27. Nf6 Qe6 28. Nxe8+ Qxe8 29. Qe3 Qe6 30. g4 Re7 31. Rf6 Qb3 32. Qe2 Bb7 33. Raf1 Qd5 34. Qf2 e4 35. Rxg6+ hxg6 36. Qf8+ 1-0

[Event "SVK Amateur-ch 2020"]
[Site "Topolcany"]
[Date "2020.07.11"]
[Round "3.9"]
[White "Zetocha, Adrian"]
[Black "Varga, Milan"]
[Result "1-0"]
[ECO "E61"]
[WhiteElo "2073"]
[BlackElo "1839"]
[Annotator "ChessBase"]
[PlyCount "45"]
[EventDate "2020.07.10"]
[EventType "swiss"]
[EventCountry "SVK"]
[SourceTitle "playchess.com"]
[Source "ChessBase"]
[SourceQuality "1"]
[TimeControl "3600+30"]

1. d4 Nf6 2. c4 g6 3. Nc3 Bg7 4. Nf3 O-O 5. Bg5 Ne8 6. e4 f6 7. Be3 d6 8. Be2 Bg4 9. Qb3 Qc8 10. O-O-O Be6 11. h4 Bg4 12. h5 Bxh5 13. c5+ Kh8 14. Nh4 g5 15. Bxh5 gxh4 16. Rxh4 e6 17. Bg6 f5 18. exf5 d5 19. Rxh7+ Kg8 20. Nxd5 Nc6 21. fxe6 Qd8 22. e7 Na5 23. Nf6# 1-0

[Event "SVK Amateur-ch 2020"]
[Site "Topolcany"]
[Date "2020.07.11"]
[Round "3.9"]
[White "Plasek, Zdenek"]
[Black "Wisniewski, Michal"]
[Result "0-1"]
[ECO "A05"]
[WhiteElo "1933"]
[BlackElo "2127"]
[Annotator "ChessBase"]
[PlyCount "120"]
[EventDate "2020.07.10"]
[EventType "swiss"]
[EventCountry "SVK"]
[SourceTitle "playchess.com"]
[Source "ChessBase"]
[SourceQuality "1"]
[TimeControl "3600+30"]

1. Nf3 Nf6 2. b3 d5 3. Bb2 Bf5 4. e3 e6 5. Bb5+ c6 6. Be2 Nbd7 7. O-O a5 8. a4 Be7 9. d3 h6 10. Nbd2 O-O 11. Ne5 Nxe5 12. Bxe5 Nd7 13. Bb2 e5 14. e4 Be6 15. Bg4 f5 16. exf5 Bxf5 17. Ba3 Bxa3 18. Rxa3 Qe7 19. Ra1 Bg6 20. Bxd7 Qxd7 21. Qe2 Rae8 22. Qe3 Qe7 23. Qb6 Qg5 24. Qe3 Qg4 25. Qg3 Qe2 26. Qe3 Qg4 27. Qg3 Qxg3 28. hxg3 e4 29. dxe4 Bxe4 30. Nxe4 Rxe4 31. Rfe1 Rfe8 32. Rxe4 Rxe4 33. Kf1 Kf7 34. f3 Re5 35. Kf2 Ke6 36. Rd1 Kd6 37. g4 Kc5 38. c3 b5 39. Ra1 b4 40. Rc1 Re6 41. f4 bxc3 42. Rxc3+ Kb4 43. Rd3 Rd6 44. Kf3 c5 45. g5 hxg5 46. f5 d4 47. Kg4 c4 48. bxc4 Kxc4 49. Rd1 d3 50. Kxg5 d2 51. Kf4 Kd3 52. Ke5 Rb6 53. g4 Kc2 54. Rf1 d1=Q 55. Rxd1 Kxd1 56. g5 Kc2 57. f6 gxf6+ 58. gxf6 Rb8 59. f7 Kb3 60. f8=Q Rxf8 0-1

[Event "SVK Amateur-ch 2020"]
[Site "Topolcany"]
[Date "2020.07.11"]
[Round "3.10"]
[White "Matis, Tibor"]
[Black "Joba, Arpad"]
[Result "1/2-1/2"]
[ECO "A00"]
[WhiteElo "1939"]
[BlackElo "2124"]
[Annotator "ChessBase"]
[PlyCount "57"]
[EventDate "2020.07.10"]
[EventType "swiss"]
[EventCountry "SVK"]
[SourceTitle "playchess.com"]
[Source "ChessBase"]
[SourceQuality "1"]
[TimeControl "3600+30"]

1. a3 a6 2. h3 Nf6 3. d4 g6 4. Nc3 Bg7 5. e4 d6 6. Nf3 O-O 7. Be3 b5 8. Bd3 Bb7 9. O-O Nbd7 10. Qd2 c5 11. d5 c4 12. Be2 Nc5 13. Bxc5 dxc5 14. Qe3 Nd7 15. Rad1 Rc8 16. e5 b4 17. axb4 cxb4 18. Nb1 Nb6 19. d6 Nd5 20. Rxd5 Bxd5 21. Rd1 e6 22. c3 a5 23. Nd4 f6 24. Bg4 f5 25. Bf3 Bxf3 26. Nxe6 Bxd1 27. Nxd8 Rcxd8 28. f4 g5 29. g3 1/2-1/2

[Event "SVK Amateur-ch 2020"]
[Site "Topolcany"]
[Date "2020.07.11"]
[Round "3.10"]
[White "Skreko, Igor"]
[Black "Podoba, Milan"]
[Result "1-0"]
[ECO "D12"]
[WhiteElo "1761"]
[BlackElo "2023"]
[Annotator "RC"]
[PlyCount "155"]
[EventDate "2020.07.10"]
[EventType "swiss"]
[EventCountry "SVK"]
[SourceTitle "playchess.com"]
[Source "ChessBase"]
[SourceQuality "1"]
[TimeControl "3600+30"]

1. d4 d5 2. c4 c6 3. Nf3 Nf6 4. e3 Bf5 5. Nc3 e6 6. Nh4 Bg4 7. Qb3 Qb6 8. h3 Bh5 9. g4 Bg6 10. Nxg6 hxg6 11. Bg2 Nbd7 12. Bd2 Be7 13. c5 Qxb3 14. axb3 O-O 15. b4 b6 16. Ra6 Rfb8 17. Ke2 Rb7 18. Rha1 Nb8 19. R6a2 bxc5 20. bxc5 a6 21. Kd1 Bd8 22. Kc2 Bc7 23. Bf1 Rba7 24. b4 Rb7 25. b5 cxb5 26. Nxb5 Ne4 27. Nxc7 Rxc7 28. Be1 Rca7 29. f3 Nf6 30. Bb5 Kh7 31. Bg3 Nfd7 32. c6 Nxc6 33. Bxc6 Rc8 34. Rxa6 Rxc6+ 35. Rxc6 Rxa1 36. Rc7 Rg1 37. Bd6 Nb6 38. Rxf7 Nc4 39. Bf4 g5 40. Be5 Rg2+ 41. Kd3 Nxe5+ 42. dxe5 Rg3 43. Kd4 Kg6 44. Rf8 Rxh3 45. Kc5 Rh1 46. Kd6 Re1 47. Kxe6 Rxe3 48. Kxd5 Rd3+ 49. Ke4 Rd2 50. e6 Ra2 51. Kd3 Ra3+ 52. Kc4 Ra7 53. Rf5 Ra6 54. Re5 Ra8 55. e7 Kf7 56. Rxg5 Re8 57. Re5 Rxe7 58. Rxe7+ Kxe7 59. Kd5 Kf6 60. f4 Kf7 61. Ke5 Ke7 62. f5 Kf7 63. g5 Kg8 64. Kd6 Kf7 65. Kd7 Kf8 66. Ke6 Ke8 67. f6 Kf8 68. f7 g6 69. Kd6 Kxf7 70. Kd7 Kf8 71. Ke6 Kg7 72. Ke7 Kh8 73. Kf7 Kh7 74. Kf6 Kh8 75. Kxg6 Kg8 76. Kh6 Kh8 77. g6 Kg8 78. g7 1-0

[Event "SVK Amateur-ch 2020"]
[Site "Topolcany"]
[Date "2020.07.11"]
[Round "3.11"]
[White "Fenik, Jozef ml."]
[Black "Blazek, Milos"]
[Result "1-0"]
[ECO "C28"]
[WhiteElo "2100"]
[BlackElo "1977"]
[Annotator "ChessBase"]
[PlyCount "67"]
[EventDate "2020.07.10"]
[EventType "swiss"]
[EventCountry "SVK"]
[SourceTitle "playchess.com"]
[Source "ChessBase"]
[SourceQuality "1"]
[TimeControl "3600+30"]

1. e4 e5 2. Bc4 Nf6 3. Nc3 Nc6 4. d3 Be7 5. f4 d6 6. Nf3 O-O 7. f5 Na5 8. Bg5 c6 9. Qe2 b5 10. Bb3 Re8 11. O-O-O Nxb3+ 12. axb3 b4 13. Na4 Nd7 14. Bxe7 Qxe7 15. g4 Nb6 16. g5 Rb8 17. h4 Nxa4 18. bxa4 b3 19. c3 d5 20. h5 d4 21. g6 fxg6 22. hxg6 h6 23. Qd2 dxc3 24. Qxc3 Qb4 25. Qxb4 Rxb4 26. Kd2 Ba6 27. Kc3 c5 28. Ra1 Rb6 29. Nd2 Rd8 30. Nc4 Bxc4 31. dxc4 Rd4 32. Rad1 Rb4 33. Rxd4 cxd4+ 34. Kxb4 1-0

[Event "SVK Amateur-ch 2020"]
[Site "Topolcany"]
[Date "2020.07.11"]
[Round "3.12"]
[White "Vargyas, Zoltan"]
[Black "Tatliak, Stefan"]
[Result "1-0"]
[ECO "D07"]
[WhiteElo "2023"]
[BlackElo "1704"]
[Annotator "ChessBase"]
[PlyCount "47"]
[EventDate "2020.07.10"]
[EventType "swiss"]
[EventCountry "SVK"]
[SourceTitle "playchess.com"]
[Source "ChessBase"]
[SourceQuality "1"]
[TimeControl "3600+30"]

1. Nf3 d5 2. c4 e6 3. d4 Nf6 4. Nc3 Nc6 5. Bf4 a6 6. e3 Be7 7. h3 O-O 8. a3 dxc4 9. Bxc4 b5 10. Bd3 b4 11. Ne4 Nd5 12. Bg3 f5 13. Ned2 Bd7 14. e4 Nb6 15. Qb3 f4 16. Bh2 Kh8 17. O-O Qe8 18. Rfc1 Qh5 19. Be2 Qh6 20. axb4 a5 21. b5 a4 22. Qc2 Nb4 23. Qxc7 Bd8 24. Qd6 1-0

[Event "SVK Amateur-ch 2020"]
[Site "Topolcany"]
[Date "2020.07.11"]
[Round "3.13"]
[White "Frink, Ferenc"]
[Black "Skrinar, Marek"]
[Result "1-0"]
[ECO "C24"]
[WhiteElo "2075"]
[BlackElo "1668"]
[Annotator "ChessBase"]
[PlyCount "69"]
[EventDate "2020.07.10"]
[EventType "swiss"]
[EventCountry "SVK"]
[SourceTitle "playchess.com"]
[Source "ChessBase"]
[SourceQuality "1"]
[TimeControl "3600+30"]

1. e4 e5 2. Bc4 Nf6 3. d3 h6 4. Nf3 Nc6 5. O-O Bc5 6. c3 Qe7 7. d4 Bb6 8. d5 Nb8 9. Qd3 d6 10. h3 g5 11. Nxg5 hxg5 12. Bxg5 Rg8 13. h4 Rxg5 14. hxg5 Ng4 15. Qh3 Qxg5 16. Be2 Ke7 17. g3 Nxf2 18. Qh4 Nxe4+ 19. Kg2 Nd7 20. Qxe4 Nf6 21. Qh4 Qg7 22. Nd2 Bh3+ 23. Qxh3 Nxd5 24. Qh4+ f6 25. Nc4 Nf4+ 26. Rxf4 exf4 27. Qxf4 Qh7 28. Nxb6 axb6 29. Re1 Qg7 30. Qc4 Kf8 31. Bh5 c6 32. Qe6 Qh7 33. Qxf6+ Kg8 34. Bg6 Qg7 35. Qe6+ 1-0

[Event "SVK Amateur-ch 2020"]
[Site "Topolcany"]
[Date "2020.07.11"]
[Round "3.13"]
[White "Kukan, Michal"]
[Black "Osmanovic, Faruk"]
[Result "1-0"]
[ECO "D10"]
[WhiteElo "1760"]
[BlackElo "1999"]
[Annotator "ChessBase"]
[PlyCount "111"]
[EventDate "2020.07.10"]
[EventType "swiss"]
[EventCountry "SVK"]
[SourceTitle "playchess.com"]
[Source "ChessBase"]
[SourceQuality "1"]
[TimeControl "3600+30"]

1. c4 c6 2. d4 d5 3. Nc3 Nf6 4. h3 Bf5 5. cxd5 cxd5 6. Bf4 Nc6 7. Nf3 Rc8 8. Nh4 Bd7 9. e3 e6 10. Be2 Be7 11. O-O Ne4 12. Nf3 g5 13. Bh2 Nxc3 14. bxc3 Qa5 15. Qb3 b6 16. Rfc1 Qa3 17. Rc2 Qa5 18. Ne5 Nxe5 19. Bxe5 f6 20. Bh5+ Kd8 21. Bg3 Ba4 22. Qb2 Bxc2 23. Qxc2 Qxc3 24. Qd1 Qc2 25. Qf1 Qb2 26. a4 Ba3 27. Kh2 Ke7 28. Qa6 Bd6 29. Rf1 Bxg3+ 30. fxg3 Rc7 31. Qd3 Qc2 32. Qa3+ Kd7 33. Rxf6 Qc1 34. Qd3 Qc4 35. Qa3 Qc3 36. Rf7+ Kc8 37. Qd6 Rxf7 38. Bxf7 Rd8 39. Bxe6+ Kb7 40. Qxd8 Ka6 41. Bxd5 Qxe3 42. Bc4+ Ka5 43. Qd7 a6 44. Qb7 Qxd4 45. Qxa6+ Kb4 46. Qb5+ Kc3 47. Qb3+ Kd2 48. Bf1 h6 49. Qa2+ Kc1 50. Bb5 Qd6 51. Qc4+ Kb2 52. Qe2+ Kc1 53. Qd3 Qf6 54. Bc4 Qc6 55. Qc3+ Kd1 56. Be2+ 1-0

[Event "SVK Amateur-ch 2020"]
[Site "Topolcany"]
[Date "2020.07.11"]
[Round "3.14"]
[White "Panda, Barnabas"]
[Black "Kucera, Michal"]
[Result "0-1"]
[ECO "E32"]
[WhiteElo "1741"]
[BlackElo "1978"]
[Annotator "ChessBase"]
[PlyCount "88"]
[EventDate "2020.07.10"]
[EventType "swiss"]
[EventCountry "SVK"]
[SourceTitle "playchess.com"]
[Source "ChessBase"]
[SourceQuality "1"]
[TimeControl "3600+30"]

1. d4 Nf6 2. c4 e6 3. Nc3 Bb4 4. Qc2 O-O 5. a3 Bxc3+ 6. Qxc3 d6 7. Nf3 Nbd7 8. e3 b6 9. b4 c5 10. Bb2 Ne4 11. Qc2 Bb7 12. Bd3 f5 13. O-O Qe7 14. Rfd1 Rac8 15. dxc5 dxc5 16. Bxe4 Bxe4 17. Qa4 Nf6 18. Ne5 Rfd8 19. f3 Ba8 20. Rac1 Rc7 21. Rxd8+ Qxd8 22. Rd1 Qe7 23. Rd2 Rc8 24. Nd7 Bc6 25. Qxa7 Nxd7 26. b5 Bxb5 27. cxb5 Rd8 28. Be5 Kf7 29. Bc7 Rc8 30. Qb7 Re8 31. Bd6 Qd8 32. Bf8 Kxf8 33. Rxd7 Qf6 34. Qxb6 Qa1+ 35. Kf2 Qb2+ 36. Kg3 Qe5+ 37. Kh3 Qxe3 38. Qd6+ Kg8 39. a4 g5 40. Qd2 g4+ 41. Kh4 Qe5 42. Qg5+ Kh8 43. Qh6 Qxh2+ 44. Kg5 Rg8+ 0-1

[Event "SVK Amateur-ch 2020"]
[Site "Topolcany"]
[Date "2020.07.11"]
[Round "3.15"]
[White "Rabovszky Gyorgy"]
[Black "Chlpek, Daniel"]
[Result "1-0"]
[ECO "B15"]
[WhiteElo "1716"]
[BlackElo "1969"]
[Annotator "ChessBase"]
[PlyCount "59"]
[EventDate "2020.07.10"]
[EventType "swiss"]
[EventCountry "SVK"]
[SourceTitle "playchess.com"]
[Source "ChessBase"]
[SourceQuality "1"]
[TimeControl "3600+30"]

1. e4 c6 2. d4 d5 3. f3 g6 4. Nc3 Bg7 5. Be3 dxe4 6. fxe4 Nf6 7. Be2 Qa5 8. Qd2 Bg4 9. e5 Bxe2 10. exf6 Bxf6 11. Ngxe2 Nd7 12. O-O O-O 13. Ne4 Qxd2 14. Nxf6+ Nxf6 15. Bxd2 Rad8 16. Bg5 Kg7 17. Bxf6+ exf6 18. c3 Rfe8 19. Rae1 Rd5 20. Nf4 Rxe1 21. Rxe1 Rf5 22. g3 Rb5 23. Nd3 Kf8 24. Re2 b6 25. c4 Ra5 26. b3 h5 27. Nb4 c5 28. Nc6 Ra3 29. d5 a5 30. d6 1-0

[Event "SVK Amateur-ch 2020"]
[Site "Topolcany"]
[Date "2020.07.11"]
[Round "3.16"]
[White "Malinovsky Jozef"]
[Black "Meszarosova, Eva"]
[Result "0-1"]
[ECO "A16"]
[WhiteElo "1698"]
[BlackElo "1976"]
[Annotator "ChessBase"]
[PlyCount "48"]
[EventDate "2020.07.10"]
[EventType "swiss"]
[EventCountry "SVK"]
[SourceTitle "playchess.com"]
[Source "ChessBase"]
[SourceQuality "1"]
[TimeControl "3600+30"]

1. c4 Nf6 2. Nf3 g6 3. Nc3 Bg7 4. e4 d6 5. Be2 O-O 6. O-O e5 7. d3 c6 8. Be3 Re8 9. Qb3 Nbd7 10. Qa3 Nf8 11. Rfe1 d5 12. cxd5 cxd5 13. Bg5 dxe4 14. dxe4 Ne6 15. Bxf6 Bxf6 16. Red1 Nd4 17. Kf1 Be7 18. Qa4 Bd7 19. Bb5 Nxb5 20. Nxb5 a6 21. Nc7 Bxa4 22. Rxd8 Raxd8 23. Nxe8 Bb5+ 24. Kg1 Bxe8 0-1

[Event "SVK Amateur-ch 2020"]
[Site "Topolcany"]
[Date "2020.07.11"]
[Round "3.17"]
[White "Trangos, Miroslav"]
[Black "Mikula, Martin"]
[Result "1-0"]
[ECO "E32"]
[WhiteElo "1971"]
[BlackElo "1641"]
[Annotator "ChessBase"]
[PlyCount "74"]
[EventDate "2020.07.10"]
[EventType "swiss"]
[EventCountry "SVK"]
[SourceTitle "playchess.com"]
[Source "ChessBase"]
[SourceQuality "1"]
[TimeControl "3600+30"]

1. d4 Nf6 2. c4 e6 3. Nc3 Bb4 4. Qc2 O-O 5. e4 d5 6. e5 Ne4 7. Bd3 c5 8. a3 Qa5 9. axb4 Qxa1 10. bxc5 Nc6 11. Nge2 Nb4 12. Qb1 Qxb1 13. Bxb1 Nxc3 14. bxc3 Nc6 15. Ba2 dxc4 16. Bxc4 Bd7 17. f3 Rfc8 18. O-O b6 19. Ba6 Rc7 20. Ba3 bxc5 21. Bxc5 Bc8 22. Bd3 Nxe5 23. Be4 Nc6 24. Bd6 f5 25. Bxc7 fxe4 26. fxe4 Ba6 27. Kf2 Bc4 28. Ra1 a5 29. Ke3 a4 30. Ra3 Kf7 31. Nf4 Ke7 32. d5 exd5 33. exd5 Kd7 34. Bb6 Ne5 35. Kd4 Ra6 36. Bc5 Ra5 37. Bb4 Ra8 1-0

[Event "SVK Amateur-ch 2020"]
[Site "Topolcany"]
[Date "2020.07.11"]
[Round "3.18"]
[White "Kolesar, Peter"]
[Black "Macko, Michal"]
[Result "1/2-1/2"]
[ECO "B44"]
[WhiteElo "2002"]
[BlackElo "2145"]
[Annotator "ChessBase"]
[PlyCount "43"]
[EventDate "2020.07.10"]
[EventType "swiss"]
[EventCountry "SVK"]
[SourceTitle "playchess.com"]
[Source "ChessBase"]
[SourceQuality "1"]
[TimeControl "3600+30"]

1. e4 c5 2. Nf3 e6 3. d4 cxd4 4. Nxd4 Nc6 5. c3 Qc7 6. g3 d6 7. Bg2 Bd7 8. Nb5 Qb8 9. a4 a6 10. Nd4 Nf6 11. O-O Be7 12. Be3 Qc7 13. Na3 Rc8 14. Nac2 Ne5 15. Bc1 O-O 16. Ne3 b5 17. axb5 axb5 18. h3 Qb6 19. Qe2 Rb8 20. f4 Nc6 21. Rd1 Nxd4 22. cxd4 1/2-1/2

[Event "SVK Amateur-ch 2020"]
[Site "Topolcany"]
[Date "2020.07.11"]
[Round "3.20"]
[White "Skreno, Vladimir"]
[Black "Holly, Andrej"]
[Result "0-1"]
[ECO "A83"]
[WhiteElo "2119"]
[BlackElo "2011"]
[Annotator "ChessBase"]
[PlyCount "87"]
[EventDate "2020.07.10"]
[EventType "swiss"]
[EventCountry "SVK"]
[SourceTitle "playchess.com"]
[Source "ChessBase"]
[SourceQuality "1"]
[TimeControl "3600+30"]

1. d4 f5 2. e4 fxe4 3. Nc3 Nf6 4. Bg5 c6 5. Bxf6 exf6 6. Nxe4 d5 7. Ng3 Bd6 8. Bd3 O-O 9. Qd2 f5 10. f4 Qh4 11. N1e2 Nd7 12. O-O-O g6 13. Kb1 Nf6 14. Rdf1 Bd7 15. Ng1 Ne4 16. Nxe4 fxe4 17. g3 Qe7 18. Re1 Qg7 19. Bf1 a5 20. h4 a4 21. h5 a3 22. b3 c5 23. Ne2 Rfe8 24. Qe3 Bg4 25. hxg6 hxg6 26. c3 Bf3 27. Rh2 Rac8 28. Bh3 Bxe2 29. Rhxe2 cxd4 30. cxd4 Rc7 31. Rc1 Rxc1+ 32. Kxc1 Bb4 33. Rc2 Qh7 34. g4 Bd6 35. f5 Qh4 36. Rf2 Bg3 37. Rg2 Qxh3 38. Qxg3 Qxg3 39. Rxg3 gxf5 40. gxf5+ Kf7 41. Kd2 Kf6 42. b4 Kxf5 43. Ke3 Rh8 44. Rg7 0-1

[Event "SVK Amateur-ch 2020"]
[Site "Topolcany"]
[Date "2020.07.11"]
[Round "3.21"]
[White "Cedzo, Adam"]
[Black "Bochnicka, Vladimir"]
[Result "0-1"]
[ECO "B34"]
[WhiteElo "1950"]
[BlackElo "2092"]
[Annotator "ChessBase"]
[PlyCount "54"]
[EventDate "2020.07.10"]
[EventType "swiss"]
[EventCountry "SVK"]
[SourceTitle "playchess.com"]
[Source "ChessBase"]
[SourceQuality "1"]
[TimeControl "3600+30"]

1. e4 c5 2. Nf3 Nc6 3. d4 cxd4 4. Nxd4 Nf6 5. Nc3 e5 6. Ndb5 d6 7. Na3 a6 8. Nc4 b5 9. Ne3 Be6 10. f3 Be7 11. Bd3 O-O 12. O-O Rc8 13. a4 b4 14. Ne2 a5 15. Kh1 d5 16. Ng3 Bc5 17. Nef5 Nd4 18. Bg5 Bxf5 19. exf5 h6 20. Bh4 Be7 21. Re1 Qc7 22. Rc1 Ng4 23. fxg4 Bxh4 24. Rf1 Bg5 25. f6 g6 26. Rf2 Kh7 27. Rb1 Be3 0-1

[Event "SVK Amateur-ch 2020"]
[Site "Topolcany"]
[Date "2020.07.11"]
[Round "3.22"]
[White "Sarkozi, Szabolcs"]
[Black "Redzisz, Michal"]
[Result "0-1"]
[ECO "A02"]
[WhiteElo "2100"]
[BlackElo "1972"]
[Annotator "ChessBase"]
[PlyCount "48"]
[EventDate "2020.07.10"]
[EventType "swiss"]
[EventCountry "SVK"]
[SourceTitle "playchess.com"]
[Source "ChessBase"]
[SourceQuality "1"]
[TimeControl "3600+30"]

1. f4 e5 2. fxe5 d6 3. exd6 Bxd6 4. Nf3 g5 5. g3 g4 6. Nh4 Ne7 7. Bg2 Ng6 8. Nxg6 hxg6 9. e3 Rxh2 10. Rxh2 Bxg3+ 11. Ke2 Bxh2 12. Qh1 g3 13. Bxb7 Bxb7 14. Qxb7 c6 15. Qb4 Qd5 16. Nc3 Qg2+ 17. Kd3 Qf1+ 18. Ne2 g2 19. b3 g1=Q 20. Qe4+ Kd7 21. Bb2 Qxa1 22. Qd4+ Kc7 23. Bxa1 Qf1 24. Qh8 Qf5+ 0-1

[Event "SVK Amateur-ch 2020"]
[Site "Topolcany"]
[Date "2020.07.11"]
[Round "3.23"]
[White "Kapusta, Petr"]
[Black "Mrkvik, Jan"]
[Result "1-0"]
[ECO "B01"]
[WhiteElo "2115"]
[BlackElo "1942"]
[Annotator "ChessBase"]
[PlyCount "59"]
[EventDate "2020.07.10"]
[EventType "swiss"]
[EventCountry "SVK"]
[SourceTitle "playchess.com"]
[Source "ChessBase"]
[SourceQuality "1"]
[TimeControl "3600+30"]

1. e4 d5 2. exd5 Qxd5 3. Nc3 Qa5 4. d4 Nf6 5. Nf3 Bf5 6. Bc4 e6 7. Bd2 c6 8. Qe2 h6 9. O-O-O Qc7 10. Rhe1 Be7 11. Nh4 Bh7 12. g3 O-O 13. f4 Bd6 14. Nf3 b5 15. Bd3 Bxd3 16. Qxd3 a5 17. Ne5 Nbd7 18. g4 Bxe5 19. fxe5 Nh7 20. h4 Rfb8 21. g5 hxg5 22. hxg5 Qd8 23. Ne4 g6 24. Rh1 Qf8 25. Nf6+ Ndxf6 26. gxf6 Nxf6 27. exf6 Qd8 28. Rdf1 Qd5 29. Qh3 Qh5 30. Qxh5 1-0

[Event "SVK Amateur-ch 2020"]
[Site "Topolcany"]
[Date "2020.07.11"]
[Round "3.25"]
[White "Belus, Benjamin"]
[Black "Szitas, Gabor"]
[Result "0-1"]
[ECO "A20"]
[WhiteElo "1919"]
[BlackElo "2082"]
[Annotator "ChessBase"]
[PlyCount "62"]
[EventDate "2020.07.10"]
[EventType "swiss"]
[EventCountry "SVK"]
[SourceTitle "playchess.com"]
[Source "ChessBase"]
[SourceQuality "1"]
[TimeControl "3600+30"]

1. c4 e5 2. g3 Nc6 3. Bg2 Bc5 4. Nc3 a6 5. e3 d6 6. Nge2 Nge7 7. d4 exd4 8. exd4 Ba7 9. O-O Rb8 10. a4 Bg4 11. Be3 O-O 12. Rb1 Bf5 13. Rc1 h6 14. Qd2 Na5 15. Bxh6 Nb3 16. Qg5 Bg6 17. Rcd1 gxh6 18. Qxh6 Nf5 19. Qf4 c6 20. Ne4 Nbxd4 21. Nxd4 Nxd4 22. Nf6+ Kg7 23. Rxd4 Bxd4 24. Ng4 Be5 25. Qh6+ Kg8 26. f4 Bg7 27. Qh3 f5 28. Nh6+ Bxh6 29. Qxh6 Qf6 30. Bf3 Rf7 31. Qg7+ Kxg7 0-1

[Event "SVK Amateur-ch 2020"]
[Site "Topolcany"]
[Date "2020.07.11"]
[Round "3.27"]
[White "Dzwierzynski, Bartosz"]
[Black "Pokrupa, Marek"]
[Result "1-0"]
[ECO "E97"]
[WhiteElo "1869"]
[BlackElo "2187"]
[Annotator "ChessBase"]
[PlyCount "81"]
[EventDate "2020.07.10"]
[EventType "swiss"]
[EventCountry "SVK"]
[SourceTitle "playchess.com"]
[Source "ChessBase"]
[SourceQuality "1"]
[TimeControl "3600+30"]

1. d4 Nf6 2. c4 g6 3. Nc3 Bg7 4. e4 d6 5. Nf3 O-O 6. Be2 e5 7. O-O Nc6 8. d5 Ne7 9. b4 a5 10. Ba3 Nd7 11. bxa5 Kh8 12. Bb4 Ng8 13. Nd2 f5 14. Nb3 Ngf6 15. c5 dxc5 16. Nxc5 Nxc5 17. Bxc5 Rg8 18. f3 Rxa5 19. Bb4 Ra8 20. Qb3 Bh6 21. Bc5 b6 22. Bf2 fxe4 23. fxe4 Ng4 24. Bxg4 Bxg4 25. h3 Bd7 26. d6 cxd6 27. Bxb6 Qg5 28. Nd5 Ba4 29. Qb4 Bc2 30. a4 Rgc8 31. Rf3 Qh4 32. Rf7 Rf8 33. Raf1 Rxf7 34. Rxf7 Kg8 35. Rf2 Rxa4 36. Qc3 Ra8 37. Qxc2 Ra1+ 38. Kh2 Bf4+ 39. Nxf4 exf4 40. Qc8+ Kf7 41. Qd7+ 1-0

[Event "SVK Amateur-ch 2020"]
[Site "Topolcany"]
[Date "2020.07.11"]
[Round "3.29"]
[White "Kubrican, Anton"]
[Black "Bodnar, Zoltan"]
[Result "1-0"]
[ECO "A00"]
[WhiteElo "1861"]
[BlackElo "2150"]
[Annotator "ChessBase"]
[PlyCount "47"]
[EventDate "2020.07.10"]
[EventType "swiss"]
[EventCountry "SVK"]
[SourceTitle "playchess.com"]
[Source "ChessBase"]
[SourceQuality "1"]
[TimeControl "3600+30"]

1. g3 d5 2. Bg2 c5 3. d3 Nc6 4. Nc3 Nf6 5. e4 dxe4 6. Nxe4 Nxe4 7. Bxe4 g6 8. Ne2 Bg4 9. h3 Bc8 10. Bg2 Bg7 11. O-O O-O 12. Nc3 e5 13. Be3 Nd4 14. Ne4 Qc7 15. c3 Ne6 16. Qb3 Rd8 17. Rad1 a5 18. c4 f5 19. Nc3 f4 20. Nd5 Qf7 21. Nb6 Ra6 22. Nxc8 Rxc8 23. Qxb7 fxe3 24. Qxc8+ 1-0

[Event "SVK Amateur-ch 2020"]
[Site "Topolcany"]
[Date "2020.07.11"]
[Round "3.30"]
[White "Pejko, Otomar"]
[Black "Juan Lepp, Jaime Boris"]
[Result "1-0"]
[ECO "A06"]
[WhiteElo "2138"]
[BlackElo "1853"]
[Annotator "ChessBase"]
[PlyCount "99"]
[EventDate "2020.07.10"]
[EventType "swiss"]
[EventCountry "SVK"]
[SourceTitle "playchess.com"]
[Source "ChessBase"]
[SourceQuality "1"]
[TimeControl "3600+30"]

1. Nf3 d5 2. e4 dxe4 3. Ng5 e5 4. Nxe4 Nc6 5. Bc4 Be7 6. Nbc3 Nf6 7. O-O O-O 8. a3 Bf5 9. d3 Nxe4 10. Nxe4 Bxe4 11. dxe4 Qxd1 12. Rxd1 Rfd8 13. Be3 Rxd1+ 14. Rxd1 Rd8 15. Rxd8+ Nxd8 16. Bxa7 b6 17. Bd5 Ne6 18. Bxe6 fxe6 19. c3 Kf8 20. a4 Ke8 21. b4 Kd7 22. a5 Kc6 23. a6 Kb5 24. Bb8 Kxa6 25. Bxc7 Bf6 26. Kf1 Kb7 27. Bd6 Kc6 28. Bf8 Kb5 29. Ke2 Kc4 30. Kd2 h5 31. f3 g6 32. Bh6 b5 33. Bf8 Bg5+ 34. Kc2 Bf6 35. Bd6 Bg7 36. g4 Bf6 37. h3 hxg4 38. fxg4 g5 39. Kd2 Bd8 40. Bxe5 Be7 41. Bg7 Bd8 42. e5 Kd5 43. Bf6 Bb6 44. Kd3 Bf2 45. Bxg5 Kxe5 46. Be3 Bg3 47. c4 bxc4+ 48. Kxc4 Kd6 49. b5 Be5 50. h4 1-0

[Event "SVK Amateur-ch 2020"]
[Site "Topolcany"]
[Date "2020.07.11"]
[Round "3.31"]
[White "Marsina, Stefan"]
[Black "Bielik, Miroslav"]
[Result "1-0"]
[ECO "D31"]
[WhiteElo "1829"]
[BlackElo "2133"]
[Annotator "ChessBase"]
[PlyCount "69"]
[EventDate "2020.07.10"]
[EventType "swiss"]
[EventCountry "SVK"]
[SourceTitle "playchess.com"]
[Source "ChessBase"]
[SourceQuality "1"]
[TimeControl "3600+30"]

1. c4 e6 2. d4 d5 3. Nc3 c6 4. cxd5 exd5 5. Nf3 Bf5 6. e3 Nd7 7. Bd3 Bxd3 8. Qxd3 Ngf6 9. O-O Bb4 10. Bd2 O-O 11. a3 Bd6 12. b4 Qe7 13. b5 Nb6 14. a4 Ne4 15. Rfb1 f5 16. a5 Nc4 17. a6 Na3 18. Rxa3 Bxa3 19. axb7 Qxb7 20. bxc6 Qxc6 21. Ne5 Qd6 22. Nb5 Qa6 23. Be1 Be7 24. Qb3 Qb7 25. f3 Nf6 26. Qd3 g6 27. Ba5 Rab8 28. Nc3 Qc8 29. Rxb8 Qxb8 30. Qa6 Bd6 31. Nc6 Qc8 32. Qb5 Qd7 33. Nxd5 Bxh2+ 34. Kxh2 Qxd5 35. Ne7+ 1-0